[Event "45th FIDE Womens Olympiad 2024"]
[Site "Budapest"]
[Date "2024.09.13"]
[Round "3.202"]
[White "Latreche, Sabrina"]
[Black "Bantiwalu, Aster Melake"]
[Result "0-1"]
[ECO "C56"]
[WhiteElo "2030"]
[BlackElo "1704"]
[Annotator "NA RC"]
[PlyCount "120"]
[EventDate "2024.09.05"]
[EventType "team-tourn"]
[EventCountry "HUN"]
[SourceTitle "playchess.com"]
[Source "ChessBase"]
[SourceQuality "1"]
[WhiteTeam "Algeria"]
[BlackTeam "Ethiopia"]
[WhiteTeamCountry "ALG"]
[BlackTeamCountry "ETH"]
[TimeControl "40/5400+30:1800+30"]

1. e4 e5 2. Nf3 Nc6 3. d4 exd4 4. Bc4 Be7 5. Nxd4 Ne5 6. Bb3 d6 7. f4 Ng6 8. O-O Nf6 9. Nc3 O-O 10. Qe2 c5 11. Nf3 Qb6 12. f5 Ne5 13. Nd5 Nxd5 14. Bxd5 Bd7 15. Nxe5 dxe5 16. Qh5 Bc6 17. Bg5 Bxg5 18. Qxg5 h6 19. Qg3 Bxd5 20. f6 g6 21. exd5 Qxb2 22. c3 b6 23. Qxe5 Rfe8 24. Qf4 Kh7 25. Qf3 Re2 26. Rae1 Rxe1 27. Rxe1 Qxa2 28. Re7 Kg8 29. g4 Rd8 30. d6 Rxd6 31. Re2 Qd5 32. Qxd5 Rxd5 33. Re8+ Kh7 34. Re7 g5 35. Rxf7+ Kg6 36. Rxa7 Kxf6 37. Rb7 Rd6 38. Kf2 Ke5 39. Ke2 Kf4 40. Re7 Kxg4 41. Re3 Kf5 42. Rf3+ Kg6 43. Ke3 g4 44. Rf8 Kg5 45. Ke4 Rd2 46. Rg8+ Kh5 47. Rb8 Rb2 48. c4 Kh4 49. Rh8 h5 50. Kf5 Rf2+ 51. Kg6 Rxh2 52. Rxh5+ Kg3 53. Rd5 Rc2 54. Rd6 Rxc4 55. Rxb6 Kh3 56. Kf5 g3 57. Ke5 g2 58. Kd5 Rc1 59. Rh6+ Kg3 60. Rg6+ Kf3 0-1

[Event "45th FIDE Womens Olympiad 2024"]
[Site "Budapest"]
[Date "2024.09.13"]
[Round "3.203"]
[White "Teshome, Wubrist Bekele"]
[Black "Nassr, Rania"]
[Result "0-1"]
[ECO "B43"]
[WhiteElo "1614"]
[BlackElo "1866"]
[Annotator "NA RC"]
[PlyCount "90"]
[EventDate "2024.09.05"]
[EventType "team-tourn"]
[EventCountry "HUN"]
[SourceTitle "playchess.com"]
[Source "ChessBase"]
[SourceQuality "1"]
[WhiteTeam "Ethiopia"]
[BlackTeam "Algeria"]
[WhiteTeamCountry "ETH"]
[BlackTeamCountry "ALG"]
[TimeControl "40/5400+30:1800+30"]

1. e4 c5 2. Nf3 e6 3. d4 cxd4 4. Nxd4 a6 5. Nc3 b5 6. Qf3 Bb7 7. Bd3 Qc7 8. Be3 g6 9. O-O Bg7 10. a3 Ne7 11. Rad1 Nbc6 12. Nxc6 Qxc6 13. Bd2 O-O 14. Rfe1 Qc7 15. Qh3 d5 16. exd5 Nxd5 17. Nxd5 Bxd5 18. c3 Rad8 19. Bh6 Bb3 20. Bxg7 Kxg7 21. Rc1 Rd5 22. Re4 Qd6 23. Be2 Rd8 24. Qf3 Rd2 25. Rf4 Qc7 26. Rb1 Rxe2 27. Rxf7+ Qxf7 28. Qxe2 Qf4 29. g3 Qf5 30. Re1 Bc4 31. Qe3 Rd7 32. Qb6 Rf7 33. Qd4+ Qf6 34. Qxf6+ Kxf6 35. f4 Rd7 36. Rb1 Ba2 37. Ra1 Bb3 38. Re1 Rd2 39. Re5 Rxb2 40. Rc5 Ra2 41. g4 Bd5 42. Rc7 Rg2+ 43. Kf1 Rxg4 44. Rxh7 Rxf4+ 45. Ke2 Ra4 0-1

[Event "45th FIDE Womens Olympiad 2024"]
[Site "Budapest"]
[Date "2024.09.13"]
[Round "3.204"]
[White "Djerroud, Chahrazed"]
[Black "Teweldemedhn, Mekdes Teklay"]
[Result "1-0"]
[ECO "B38"]
[WhiteElo "1910"]
[BlackElo "1648"]
[Annotator "NA RC"]
[PlyCount "67"]
[EventDate "2024.09.05"]
[EventType "team-tourn"]
[EventCountry "HUN"]
[SourceTitle "playchess.com"]
[Source "ChessBase"]
[SourceQuality "1"]
[WhiteTeam "Algeria"]
[BlackTeam "Ethiopia"]
[WhiteTeamCountry "ALG"]
[BlackTeamCountry "ETH"]
[TimeControl "40/5400+30:1800+30"]

1. e4 c5 2. Nf3 Nc6 3. d4 cxd4 4. Nxd4 g6 5. c4 Bg7 6. Be3 Qb6 7. Nxc6 Qxc6 8. Qc2 e6 9. Nc3 Ne7 10. Rd1 b6 11. Be2 Bb7 12. Bf3 Qxc4 13. Qd3 Bxc3+ 14. bxc3 Qxd3 15. Rxd3 d5 16. exd5 Bxd5 17. Bd4 Rg8 18. Bxd5 Nxd5 19. g3 Ke7 20. Ke2 f6 21. f4 Rac8 22. h4 Kd6 23. Bxf6 Rc4 24. Kd2 Kc6 25. Be5 Ra4 26. Ra1 h6 27. Kc2 g5 28. fxg5 hxg5 29. h5 Rf8 30. h6 Re4 31. Bg7 Rf2+ 32. Rd2 Ree2 33. Rad1 Ne3+ 34. Kd3 1-0

[Event "45th FIDE Womens Olympiad 2024"]
[Site "Budapest"]
[Date "2024.09.13"]
[Round "3.205"]
[White "Ptacnikova, Lenka"]
[Black "Vilhete, Vania Fausto Da T."]
[Result "1-0"]
[ECO "D34"]
[WhiteElo "2065"]
[BlackElo "1877"]
[Annotator "NA RC"]
[PlyCount "115"]
[EventDate "2024.09.05"]
[EventType "team-tourn"]
[EventCountry "HUN"]
[SourceTitle "playchess.com"]
[Source "ChessBase"]
[SourceQuality "1"]
[WhiteTeam "Iceland"]
[BlackTeam "Mozambique"]
[WhiteTeamCountry "ISL"]
[BlackTeamCountry "MOZ"]
[TimeControl "40/5400+30:1800+30"]

1. d4 d5 2. Nf3 e6 3. g3 Nf6 4. Bg2 Be7 5. O-O c5 6. c4 Nc6 7. cxd5 exd5 8. dxc5 Bxc5 9. Bg5 Be7 10. Nc3 O-O 11. Bxf6 Bxf6 12. Qxd5 Qxd5 13. Nxd5 Bxb2 14. Rab1 Ba3 15. Nd2 Rb8 16. Rb3 Bd6 17. Ne4 Rd8 18. Nxd6 Rxd6 19. Rd3 Kf8 20. Rfd1 Be6 21. Nf4 Rxd3 22. Nxe6+ fxe6 23. Rxd3 Ke7 24. Ra3 Ra8 25. Rb3 Nd8 26. Bxb7 Rb8 27. Bd5 Rxb3 28. Bxb3 Nc6 29. f4 Kd6 30. Kf2 e5 31. Ke3 Ne7 32. Ke4 Ng6 33. Bg8 exf4 34. gxf4 h6 35. Bb3 Ne7 36. e3 Nc6 37. Kf5 Ne7+ 38. Ke4 Nc6 39. Kd3 Ne7 40. e4 Kc5 41. e5 g6 42. Ke4 Kc6 43. Bf7 Kd7 44. Bc4 Nf5 45. Bf1 Ke7 46. Bh3 Ng7 47. Bg4 Ne6 48. Bxe6 Kxe6 49. h3 a6 50. a3 a5 51. a4 h5 52. h4 Kf7 53. Kd5 Ke7 54. e6 Ke8 55. Kd6 Kd8 56. e7+ Ke8 57. Ke6 g5 58. f5 1-0

[Event "45th FIDE Womens Olympiad 2024"]
[Site "Budapest"]
[Date "2024.09.13"]
[Round "3.206"]
[White "Efentakis, Katina"]
[Black "Thorsteinsdottir, Hallgerdur"]
[Result "0-1"]
[ECO "B13"]
[WhiteElo "1650"]
[BlackElo "1938"]
[Annotator "NA RC"]
[PlyCount "72"]
[EventDate "2024.09.05"]
[EventType "team-tourn"]
[EventCountry "HUN"]
[SourceTitle "playchess.com"]
[Source "ChessBase"]
[SourceQuality "1"]
[WhiteTeam "Mozambique"]
[BlackTeam "Iceland"]
[WhiteTeamCountry "MOZ"]
[BlackTeamCountry "ISL"]
[TimeControl "40/5400+30:1800+30"]

1. e4 c6 2. Nf3 d5 3. exd5 cxd5 4. d4 Nf6 5. Bd3 Bg4 6. c3 e6 7. Nbd2 Nc6 8. O-O Bd6 9. Re1 Qc7 10. Qa4 O-O 11. h3 Bh5 12. Qc2 Rfc8 13. Be2 a6 14. Qd1 b5 15. Ne5 Bxe2 16. Qxe2 b4 17. Nxc6 Qxc6 18. cxb4 Bxb4 19. a3 Bd6 20. b4 Qc3 21. Nf3 Qxa1 22. Bf4 Qxe1+ 23. Nxe1 Bxf4 24. Nd3 Bd6 25. Nc5 Bxc5 26. bxc5 Ne4 27. Qc2 Rc6 28. f3 Ng3 29. Kh2 Nf5 30. Qd3 Rac8 31. f4 f6 32. g4 Nxd4 33. Qxd4 Rxc5 34. Qd3 Rc2+ 35. Kg1 Rc1+ 36. Kf2 R8c2+ 0-1

[Event "45th FIDE Womens Olympiad 2024"]
[Site "Budapest"]
[Date "2024.09.13"]
[Round "3.207"]
[White "Helgadottir, Idunn"]
[Black "Castro, Neusa Aridas De"]
[Result "1/2-1/2"]
[ECO "C02"]
[WhiteElo "1837"]
[BlackElo "1684"]
[Annotator "NA"]
[PlyCount "143"]
[EventDate "2024.09.05"]
[EventType "team-tourn"]
[EventCountry "HUN"]
[SourceTitle "playchess.com"]
[Source "ChessBase"]
[SourceQuality "1"]
[WhiteTeam "Iceland"]
[BlackTeam "Mozambique"]
[WhiteTeamCountry "ISL"]
[BlackTeamCountry "MOZ"]
[TimeControl "40/5400+30:1800+30"]

1. e4 e6 2. d4 d5 3. e5 c5 4. c3 Qb6 5. Nf3 Bd7 6. Bd3 Bb5 7. O-O Bxd3 8. Qxd3 Nc6 9. dxc5 Bxc5 10. b4 Bf8 11. Nbd2 Nge7 12. Nb3 Ng6 13. Re1 Be7 14. Nbd4 Rc8 15. Bd2 O-O 16. a4 Qc7 17. Qe2 Bd8 18. Nb5 Qd7 19. Nd6 Rb8 20. Nb5 a6 21. Nbd4 Rc8 22. Rec1 Bb6 23. b5 Nxd4 24. cxd4 axb5 25. axb5 Ne7 26. Bb4 Rfe8 27. Qd3 Ng6 28. g3 Ra8 29. Bc5 Rxa1 30. Rxa1 Qc7 31. Qe3 Rc8 32. Rc1 Ra8 33. Bd6 Qd7 34. Qc3 h6 35. Qb4 Ra5 36. Rb1 Ra8 37. h4 Bd8 38. h5 Ne7 39. b6 Nc6 40. Qc3 Qc8 41. Nd2 Ra6 42. Bc5 Ne7 43. Qb4 Nc6 44. Qc3 Nb8 45. Qb2 Nd7 46. Qb5 Bxb6 47. Nb3 Bxc5 48. Nxc5 Rb6 49. Qd3 Nxc5 50. dxc5 Rc6 51. Qb5 Rxc5 52. Qxb7 Qxb7 53. Rxb7 g6 54. hxg6 fxg6 55. Re7 Rc6 56. g4 Kf8 57. Rd7 Kg8 58. f3 g5 59. Kf2 Rb6 60. Ke3 Rb1 61. Ke2 Kf8 62. Kd2 Rh1 63. Rh7 Rh2+ 64. Kd3 Rh3 65. Ke3 Kg8 66. Re7 d4+ 67. Ke4 d3 68. Rd7 Rh1 69. Rxd3 Rc1 70. Rd8+ Kf7 71. Rd7+ Kg8 72. Rd8+ 1/2-1/2

[Event "45th FIDE Womens Olympiad 2024"]
[Site "Budapest"]
[Date "2024.09.13"]
[Round "3.208"]
[White "Sandramo, Chineva Rufino"]
[Black "Briem, Gudrun Fanney"]
[Result "1-0"]
[ECO "B13"]
[WhiteElo "1524"]
[BlackElo "1764"]
[Annotator "NA"]
[PlyCount "55"]
[EventDate "2024.09.05"]
[EventType "team-tourn"]
[EventCountry "HUN"]
[SourceTitle "playchess.com"]
[Source "ChessBase"]
[SourceQuality "1"]
[WhiteTeam "Mozambique"]
[BlackTeam "Iceland"]
[WhiteTeamCountry "MOZ"]
[BlackTeamCountry "ISL"]
[TimeControl "40/5400+30:1800+30"]

1. e4 c6 2. d4 d5 3. exd5 cxd5 4. Nf3 Nf6 5. Bd3 Nc6 6. c3 Bg4 7. Nbd2 e6 8. O-O Bd6 9. Re1 O-O 10. Nf1 Re8 11. Bg5 h6 12. Bh4 Rb8 13. h3 Bxf3 14. Qxf3 Be7 15. Rad1 b5 16. Nh2 b4 17. Ng4 Nxg4 18. Bxe7 Qxe7 19. Qxg4 bxc3 20. bxc3 Rb2 21. a4 Qf6 22. Qg3 Ne7 23. Rb1 Rxb1 24. Rxb1 g6 25. Rb8 Rxb8 26. Qxb8+ Kg7 27. Qxa7 Nf5 28. Qb8 1-0

[Event "45th FIDE Womens Olympiad 2024"]
[Site "Budapest"]
[Date "2024.09.13"]
[Round "3.209"]
[White "Karelina, Polina"]
[Black "Shohradova, Lala"]
[Result "0-1"]
[ECO "A08"]
[WhiteElo "1898"]
[BlackElo "2030"]
[Annotator "NA RC"]
[PlyCount "112"]
[EventDate "2024.09.05"]
[EventType "team-tourn"]
[EventCountry "HUN"]
[SourceTitle "playchess.com"]
[Source "ChessBase"]
[SourceQuality "1"]
[WhiteTeam "Bahamas"]
[BlackTeam "Turkmenistan"]
[WhiteTeamCountry "BAH"]
[BlackTeamCountry "TKM"]
[TimeControl "40/5400+30:1800+30"]

1. e4 e6 2. d3 d5 3. Nd2 Nf6 4. Ngf3 c5 5. g3 g6 6. Bg2 Bg7 7. O-O O-O 8. Qe2 Nc6 9. c3 a5 10. a4 b6 11. Re1 Ba6 12. h4 dxe4 13. Nxe4 Qxd3 14. Qxd3 Bxd3 15. Nxf6+ Bxf6 16. Bh6 Rfd8 17. Ng5 Rac8 18. Nxe6 fxe6 19. Rxe6 Ne5 20. Rxf6 Ng4 21. Bg5 Nxf6 22. Bxf6 Rd7 23. Bg5 Bc2 24. Bh3 Bf5 25. Bf1 Kg7 26. Bb5 Rf7 27. Rd1 h6 28. Be3 Bg4 29. Rd6 Rb8 30. Bd3 Bf5 31. Bb5 Rff8 32. Bf4 Rfd8 33. Be5+ Kh7 34. Rf6 Rf8 35. Rc6 Rb7 36. Rd6 g5 37. hxg5 hxg5 38. Bc6 Re7 39. Bf6 Re1+ 40. Kg2 g4 41. Bg5 Re6 42. Rxe6 Bxe6 43. Kf1 Kg6 44. Be3 Rc8 45. Bb5 Rd8 46. Be2 Kf5 47. c4 Rh8 48. Bd3+ Ke5 49. Ke2 Bf5 50. Bf4+ Kf6 51. Bc7 Re8+ 52. Kd2 Bxd3 53. Kxd3 Re6 54. Kd2 Kf5 55. Bf4 Ke4 56. Kc2 Kf3 0-1

[Event "45th FIDE Womens Olympiad 2024"]
[Site "Budapest"]
[Date "2024.09.13"]
[Round "3.210"]
[White "Agajanova, Meryem"]
[Black "Thomas, Nelissa"]
[Result "1-0"]
[ECO "D15"]
[WhiteElo "2007"]
[BlackElo "1631"]
[Annotator "NA RC"]
[PlyCount "69"]
[EventDate "2024.09.05"]
[EventType "team-tourn"]
[EventCountry "HUN"]
[SourceTitle "playchess.com"]
[Source "ChessBase"]
[SourceQuality "1"]
[WhiteTeam "Turkmenistan"]
[BlackTeam "Bahamas"]
[WhiteTeamCountry "TKM"]
[BlackTeamCountry "BAH"]
[TimeControl "40/5400+30:1800+30"]

1. d4 d5 2. c4 c6 3. Nc3 Nf6 4. Nf3 a6 5. e3 b5 6. b3 Bf5 7. Bd3 Bxd3 8. Qxd3 e6 9. O-O Nbd7 10. Rd1 Bd6 11. e4 dxe4 12. Nxe4 Be7 13. Bf4 O-O 14. Rac1 Qb6 15. Rc2 Rfd8 16. cxb5 axb5 17. Rdc1 Rac8 18. Bd6 Nd5 19. Bxe7 Nxe7 20. Nd6 Rb8 21. Ng5 f5 22. Nxe6 Ne5 23. dxe5 Rd7 24. Nxg7 Nd5 25. Rxc6 Nb4 26. Rxb6 Nxd3 27. Rxb8+ Kxg7 28. Rd1 Nxe5 29. Nxf5+ Kg6 30. Rxd7 Nxd7 31. Rxb5 Kf6 32. a4 Ne5 33. a5 Nd7 34. a6 Ke6 35. a7 1-0

[Event "45th FIDE Womens Olympiad 2024"]
[Site "Budapest"]
[Date "2024.09.13"]
[Round "3.211"]
[White "Johnson, Daijah"]
[Black "Rejepova, Jahan"]
[Result "0-1"]
[ECO "D55"]
[WhiteElo "1625"]
[BlackElo "1915"]
[Annotator "NA RC"]
[PlyCount "84"]
[EventDate "2024.09.05"]
[EventType "team-tourn"]
[EventCountry "HUN"]
[SourceTitle "playchess.com"]
[Source "ChessBase"]
[SourceQuality "1"]
[WhiteTeam "Bahamas"]
[BlackTeam "Turkmenistan"]
[WhiteTeamCountry "BAH"]
[BlackTeamCountry "TKM"]
[TimeControl "40/5400+30:1800+30"]

1. d4 d5 2. c4 e6 3. Nc3 Nf6 4. Nf3 Be7 5. Bg5 h6 6. Bxf6 Bxf6 7. e3 O-O 8. Bd3 c5 9. O-O cxd4 10. exd4 dxc4 11. Bxc4 Nc6 12. Ne2 b6 13. Qd2 Bb7 14. b3 Ne7 15. Rad1 Nd5 16. Bxd5 Bxd5 17. Ne5 Qd6 18. Nc3 Bb7 19. Ng4 Be7 20. f3 Rfd8 21. Ne4 Bxe4 22. fxe4 Qxd4+ 23. Qxd4 Rxd4 24. Rxd4 Bc5 25. Rfd1 Rd8 26. Kf1 Rxd4 27. Rxd4 Bxd4 28. h3 Kf8 29. Ke2 f6 30. Nh2 Ke7 31. Kd3 Bc5 32. Nf1 Kd6 33. Nd2 Ke5 34. g3 f5 35. exf5 exf5 36. Kc4 Be3 37. Nf1 Ke4 38. Kb5 Kf3 39. g4 f4 40. Kc4 Kg2 41. Nxe3+ fxe3 42. Kd3 Kf2 0-1

[Event "45th FIDE Womens Olympiad 2024"]
[Site "Budapest"]
[Date "2024.09.13"]
[Round "3.212"]
[White "Arazmedova, Enesh"]
[Black "Pride, Chika"]
[Result "1-0"]
[ECO "B07"]
[WhiteElo "1761"]
[BlackElo "1587"]
[Annotator "NA"]
[PlyCount "121"]
[EventDate "2024.09.05"]
[EventType "team-tourn"]
[EventCountry "HUN"]
[SourceTitle "playchess.com"]
[Source "ChessBase"]
[SourceQuality "1"]
[WhiteTeam "Turkmenistan"]
[BlackTeam "Bahamas"]
[WhiteTeamCountry "TKM"]
[BlackTeamCountry "BAH"]
[TimeControl "40/5400+30:1800+30"]

1. e4 d6 2. d4 Nf6 3. Nc3 e5 4. dxe5 dxe5 5. Qxd8+ Kxd8 6. Bg5 Be7 7. O-O-O+ Ke8 8. Nf3 Nbd7 9. Bh4 a6 10. a4 Bd6 11. Nd2 b6 12. f3 Bb7 13. Bc4 c6 14. Bb3 b5 15. Rhe1 Nc5 16. Kb1 Bc8 17. Ba2 Nxa4 18. Nxa4 bxa4 19. Nc4 Bc7 20. Nd6+ Ke7 21. Nxf7 Rf8 22. Ng5 h6 23. Nh7 Rh8 24. Nxf6 gxf6 25. Bf2 Bd6 26. Rd3 Be6 27. Red1 Bxa2+ 28. Kxa2 Rhd8 29. Rxd6 Rxd6 30. Bc5 Rad8 31. Ka3 Ke6 32. Rxd6+ Rxd6 33. Bxd6 Kxd6 34. Kxa4 Kc7 35. Kb4 Kb6 36. g3 c5+ 37. Kc4 Kc6 38. f4 exf4 39. gxf4 a5 40. e5 f5 41. e6 Kd6 42. e7 Kxe7 43. Kxc5 Ke6 44. Kc6 a4 45. c4 h5 46. c5 Ke7 47. Kb7 Kd7 48. c6+ Kd6 49. c7 Kd5 50. c8=Q Ke4 51. Qc4+ Kf3 52. Kc6 Kg2 53. Qe2+ Kg1 54. Kd5 h4 55. Kd4 h3 56. Ke3 a3 57. Kf3 a2 58. Qe1+ Kxh2 59. Qg3+ Kh1 60. Qxh3+ Kg1 61. Qg2# 1-0

[Event "45th FIDE Womens Olympiad 2024"]
[Site "Budapest"]
[Date "2024.09.13"]
[Round "3.213"]
[White "Timergazi, Layla"]
[Black "Lyons, Kieran"]
[Result "1-0"]
[ECO "A84"]
[WhiteElo "1979"]
[BlackElo "1818"]
[Annotator "NA RC"]
[PlyCount "63"]
[EventDate "2024.09.05"]
[EventType "team-tourn"]
[EventCountry "HUN"]
[SourceTitle "playchess.com"]
[Source "ChessBase"]
[SourceQuality "1"]
[WhiteTeam "New Zealand"]
[BlackTeam "Fiji"]
[WhiteTeamCountry "NZL"]
[BlackTeamCountry "FIJ"]
[TimeControl "40/5400+30:1800+30"]

1. d4 f5 2. c4 Nf6 3. Nf3 e6 4. g3 b6 5. Bg2 Bb7 6. Nc3 Bb4 7. O-O Bxc3 8. bxc3 Ne4 9. Qd3 Nc6 10. Ba3 d6 11. d5 Na5 12. dxe6 Qf6 13. Nd4 Rc8 14. f3 Nc5 15. Bxc5 dxc5 16. Nxf5 O-O 17. e7 Rfe8 18. Bh3 Rb8 19. Rad1 g6 20. Nh6+ Kg7 21. Ng4 Qxe7 22. e4 Rbd8 23. Qe3 Nxc4 24. Qh6+ Kh8 25. Rfe1 Qg7 26. Qg5 Rxd1 27. Rxd1 Qxc3 28. Bf1 Qxf3 29. Rd8 Rf8 30. Rxf8+ Qxf8 31. Bxc4 Qd6 32. Qf6+ 1-0

[Event "45th FIDE Womens Olympiad 2024"]
[Site "Budapest"]
[Date "2024.09.13"]
[Round "3.214"]
[White "Sukhu, Gloria"]
[Black "Ning, Isabelle Yixuan"]
[Result "0-1"]
[ECO "A16"]
[WhiteElo "1634"]
[BlackElo "1915"]
[Annotator "NA RC"]
[PlyCount "82"]
[EventDate "2024.09.05"]
[EventType "team-tourn"]
[EventCountry "HUN"]
[SourceTitle "playchess.com"]
[Source "ChessBase"]
[SourceQuality "1"]
[WhiteTeam "Fiji"]
[BlackTeam "New Zealand"]
[WhiteTeamCountry "FIJ"]
[BlackTeamCountry "NZL"]
[TimeControl "40/5400+30:1800+30"]

1. Nf3 Nf6 2. g3 g6 3. Bg2 Bg7 4. O-O O-O 5. c4 d6 6. Nc3 c5 7. Qc2 Nc6 8. e3 Bf5 9. e4 Bg4 10. d3 Qd7 11. Ne2 Ne8 12. Rb1 Nc7 13. a3 a5 14. Be3 f5 15. Nf4 fxe4 16. dxe4 e5 17. Nd5 Nxd5 18. cxd5 Bxf3 19. dxc6 Qxc6 20. Bxf3 Rxf3 21. Kg2 Raf8 22. Qc4+ Kh8 23. Rbd1 h6 24. Rd5 R3f6 25. a4 Rb8 26. Rfd1 Bf8 27. f3 b5 28. Qc1 Kh7 29. Bxc5 dxc5 30. Rd8 Rxd8 31. Rxd8 Rxf3 32. Rd5 Rf7 33. b3 bxa4 34. Qc2 Qb5 35. Rd1 axb3 36. Qb2 a4 37. g4 a3 38. Qd2 b2 39. Rb1 a2 40. Qd5 Qe2+ 41. Kg1 axb1=Q+ 0-1

[Event "45th FIDE Womens Olympiad 2024"]
[Site "Budapest"]
[Date "2024.09.13"]
[Round "3.215"]
[White "Chang, Yolanda"]
[Black "Terubea, Cydel"]
[Result "1-0"]
[ECO "B01"]
[WhiteElo "1908"]
[BlackElo "1681"]
[Annotator "NA RC"]
[PlyCount "59"]
[EventDate "2024.09.05"]
[EventType "team-tourn"]
[EventCountry "HUN"]
[SourceTitle "playchess.com"]
[Source "ChessBase"]
[SourceQuality "1"]
[WhiteTeam "New Zealand"]
[BlackTeam "Fiji"]
[WhiteTeamCountry "NZL"]
[BlackTeamCountry "FIJ"]
[TimeControl "40/5400+30:1800+30"]

1. e4 d5 2. exd5 Qxd5 3. Nc3 Qd8 4. d4 e6 5. Nf3 Nf6 6. Bc4 c6 7. a4 a5 8. O-O Be7 9. Qe2 O-O 10. Be3 Nbd7 11. Rad1 Qc7 12. Rfe1 Re8 13. Bc1 Bb4 14. Rd3 Nf8 15. Ne5 Bd6 16. Rf3 Bxe5 17. dxe5 N6d7 18. Bf4 Ng6 19. Bg3 Qd8 20. Rd1 Qe7 21. h4 Nxh4 22. Bxh4 Qxh4 23. Rh3 Qg5 24. Rh5 Qe7 25. Ne4 Nf8 26. Qg4 Kh8 27. Nd6 Rd8 28. Nxf7+ Qxf7 29. Rxd8 Qe7 30. Qh4 1-0

[Event "45th FIDE Womens Olympiad 2024"]
[Site "Budapest"]
[Date "2024.09.13"]
[Round "3.216"]
[White "Prasad, Tanvi"]
[Black "Braganza, Nadia"]
[Result "0-1"]
[ECO "A13"]
[WhiteElo "1564"]
[BlackElo "1890"]
[Annotator "NA COMBH"]
[PlyCount "56"]
[EventDate "2024.09.05"]
[EventType "team-tourn"]
[EventCountry "HUN"]
[SourceTitle "playchess.com"]
[Source "ChessBase"]
[SourceQuality "1"]
[WhiteTeam "Fiji"]
[BlackTeam "New Zealand"]
[WhiteTeamCountry "FIJ"]
[BlackTeamCountry "NZL"]
[TimeControl "40/5400+30:1800+30"]

1. b3 d5 2. Bb2 e6 3. e3 Nf6 4. Nf3 Be7 5. c4 O-O 6. Nc3 c5 7. d4 b6 8. Be2 Bb7 9. Qc2 Nc6 10. O-O cxd4 11. cxd5 Nb4 12. Qd2 dxc3 13. Bxc3 Nbxd5 14. Bb2 Nb4 15. Qc3 Rc8 16. Qe5 Qd5 17. Qf4 Nd3 18. Bxd3 Qxd3 19. Rfd1 Qe4 20. Qg3 Qg6 21. Qh3 Rfd8 22. Rac1 Rxd1+ 23. Rxd1 Qc2 24. Re1 Qxb2 25. Nd4 Rc1 26. Kf1 Ba6+ 27. Ne2 Bxe2+ 28. Kg1 Rxe1# 0-1

[Event "45th FIDE Womens Olympiad 2024"]
[Site "Budapest"]
[Date "2024.09.13"]
[Round "3.217"]
[White "Seine, Rose Berline"]
[Black "Paulo, Jemima"]
[Result "1-0"]
[ECO "D35"]
[WhiteElo "1778"]
[BlackElo "2037"]
[Annotator "NA RC"]
[PlyCount "89"]
[EventDate "2024.09.05"]
[EventType "team-tourn"]
[EventCountry "HUN"]
[SourceTitle "playchess.com"]
[Source "ChessBase"]
[SourceQuality "1"]
[WhiteTeam "Haiti"]
[BlackTeam "Angola"]
[WhiteTeamCountry "HAI"]
[BlackTeamCountry "ANG"]
[TimeControl "40/5400+30:1800+30"]

1. d4 d5 2. c4 e6 3. Nc3 Nf6 4. cxd5 exd5 5. Bg5 c6 6. e3 h6 7. Bh4 Nbd7 8. Bg3 Bb4 9. Bd3 O-O 10. h3 Re8 11. Nge2 a5 12. O-O b5 13. Rc1 Bb7 14. Bb1 Bf8 15. Nf4 Bd6 16. Nfxd5 Bxg3 17. Nxf6+ Qxf6 18. fxg3 Qg5 19. e4 Qxg3 20. Rf3 Qb8 21. Qb3 Re7 22. Rcf1 Qe8 23. a3 a4 24. Qc2 Nf8 25. Ba2 Ne6 26. Qf2 Rd8 27. d5 cxd5 28. exd5 Ng5 29. Rf4 Rd6 30. Qc5 Rg6 31. Kh2 Qd8 32. h4 Ne6 33. dxe6 Rxg2+ 34. Kh3 f6 35. Bd5 Rd2 36. Rd4 Rxd4 37. Qxd4 Bc8 38. Qe3 Qd6 39. Re1 Kf8 40. Qe4 g5 41. hxg5 hxg5 42. Kg2 Rg7 43. Rh1 Ke7 44. Rh7 Kf8 45. e7+ 1-0

[Event "45th FIDE Womens Olympiad 2024"]
[Site "Budapest"]
[Date "2024.09.13"]
[Round "3.218"]
[White "Caxita, Esperanca"]
[Black "Cadeau, Merisena"]
[Result "0-1"]
[ECO "B23"]
[WhiteElo "1932"]
[BlackElo "1671"]
[Annotator "NA RC"]
[PlyCount "76"]
[EventDate "2024.09.05"]
[EventType "team-tourn"]
[EventCountry "HUN"]
[SourceTitle "playchess.com"]
[Source "ChessBase"]
[SourceQuality "1"]
[WhiteTeam "Angola"]
[BlackTeam "Haiti"]
[WhiteTeamCountry "ANG"]
[BlackTeamCountry "HAI"]
[TimeControl "40/5400+30:1800+30"]

1. e4 c5 2. Nc3 Nc6 3. f4 d6 4. Nf3 a6 5. Bc4 b5 6. Bd5 Bb7 7. O-O e6 8. Bxc6+ Bxc6 9. d3 Ne7 10. Qe1 g6 11. e5 Bg7 12. Ne4 Nf5 13. g4 Bxe4 14. Qxe4 d5 15. Qe1 Ne7 16. Qf2 Qc7 17. Be3 Rc8 18. b3 O-O 19. g5 Nf5 20. Nh4 Ne7 21. Rac1 d4 22. Bd2 b4 23. Ra1 a5 24. a4 h6 25. gxh6 Bxh6 26. Qg2 Kh7 27. Qh3 Rh8 28. Rf2 Rcg8 29. Rg2 Kg7 30. Qf3 Kf8 31. Re1 Nd5 32. Rg4 Qd8 33. Qf2 g5 34. fxg5 Bxg5 35. Bxg5 Rxg5 36. Ng6+ Kg7 37. Qxf7+ Kxf7 38. Nxh8+ Kg8 0-1

[Event "45th FIDE Womens Olympiad 2024"]
[Site "Budapest"]
[Date "2024.09.13"]
[Round "3.219"]
[White "Jonet, Davena"]
[Black "Junior, Ednasia"]
[Result "1/2-1/2"]
[ECO "A80"]
[WhiteElo "1659"]
[BlackElo "1888"]
[Annotator "NA RC"]
[PlyCount "112"]
[EventDate "2024.09.05"]
[EventType "team-tourn"]
[EventCountry "HUN"]
[SourceTitle "playchess.com"]
[Source "ChessBase"]
[SourceQuality "1"]
[WhiteTeam "Haiti"]
[BlackTeam "Angola"]
[WhiteTeamCountry "HAI"]
[BlackTeamCountry "ANG"]
[TimeControl "40/5400+30:1800+30"]

1. d4 f5 2. Bf4 Nf6 3. Nf3 e6 4. e3 b6 5. Be2 Bb7 6. h3 Be7 7. Nbd2 O-O 8. Nc4 Ne4 9. a3 d6 10. c3 Kh8 11. Ncd2 Nd7 12. O-O Ndf6 13. Ng5 Qd7 14. Ngxe4 Nxe4 15. Nxe4 Bxe4 16. Bf3 Bxf3 17. Qxf3 Bf6 18. Qg3 Rae8 19. Bg5 Bxg5 20. Qxg5 Rf6 21. Qh5 Ref8 22. f4 Qb5 23. Rab1 Rg6 24. Qf3 e5 25. fxe5 dxe5 26. dxe5 Qxe5 27. Qf4 Re6 28. Qxe5 Rxe5 29. Rfe1 Rd8 30. Rbd1 Rde8 31. Kf2 Kg8 32. Rd7 R8e7 33. Rxe7 Rxe7 34. Kf3 Rd7 35. Re2 Kf7 36. e4 Kf6 37. exf5 Kxf5 38. Re4 Rd3+ 39. Re3 Rd7 40. Re4 c5 41. Ke3 g5 42. g4+ Kf6 43. Ke2 Rd5 44. Re3 Re5 45. a4 a6 46. Kd2 Rxe3 47. Kxe3 Ke5 48. Kf3 Kd5 49. b3 b5 50. a5 b4 51. cxb4 cxb4 52. Ke3 Ke5 53. Kd3 Kd5 54. Ke3 Ke5 55. Kd3 Kd5 56. Ke3 Ke5 1/2-1/2

[Event "45th FIDE Womens Olympiad 2024"]
[Site "Budapest"]
[Date "2024.09.13"]
[Round "3.220"]
[White "Pires, Luzia"]
[Black "Belgarde, Roudena"]
[Result "1-0"]
[ECO "D26"]
[WhiteElo "1877"]
[BlackElo "1540"]
[Annotator "NA RC"]
[PlyCount "61"]
[EventDate "2024.09.05"]
[EventType "team-tourn"]
[EventCountry "HUN"]
[SourceTitle "playchess.com"]
[Source "ChessBase"]
[SourceQuality "1"]
[WhiteTeam "Angola"]
[BlackTeam "Haiti"]
[WhiteTeamCountry "ANG"]
[BlackTeamCountry "HAI"]
[TimeControl "40/5400+30:1800+30"]

1. d4 d5 2. Nf3 Nc6 3. e3 Nf6 4. c4 dxc4 5. Bxc4 e6 6. O-O Be7 7. Nc3 O-O 8. a3 a6 9. b4 b5 10. Ba2 Bb7 11. Bb2 Bd6 12. Rc1 Ne7 13. Re1 Ned5 14. Bb1 Nxc3 15. Bxc3 Ng4 16. h3 Bxf3 17. Qxf3 Nh6 18. e4 f6 19. e5 fxe5 20. Qe4 g6 21. dxe5 Be7 22. Ba2 Bg5 23. Bxe6+ Nf7 24. f4 Bh6 25. Bd5 Bxf4 26. Rcd1 Qh4 27. Bxa8 Qg3 28. Bd5 Qxc3 29. Qxf4 c6 30. Bxf7+ Kg7 31. e6 1-0